 Dungeon Crawl Stone Soup version 0.30.0-15-g856e2d3f33 (webtiles) character file.

Game seed: 4560538134176340135

411 SnakkuSnakku7 the Cudgeller (level 6, 0/33 (44) HPs)
             Began as a Mummy Reaver on May 18, 2023.
             Slain by a kobold brigand
             ... wielding a +0 short sword
              (6 damage)
             ... in a sewer.
             The game lasted 00:05:13 (1929 turns).

SnakkuSnakku7 the Cudgeller (Mummy Reaver)          Turns: 1929, Time: 00:05:14

HP:   0/33 (44)     AC:  5    Str: 15    XL:     6   Next: 58%
MP:   0/10          EV: 11    Int: 17    God:
Gold: 213           SH:  0    Dex: 11    Spells: 7/10 levels left

rFire   x . .        a - +1 flail
rCold   + . .        (no shield)
rNeg    + + +        b - +0 leather armour
rPois   ∞            j - +0 helmet
rElec   .            (no cloak)
rCorr   +            (no gloves)
SInv    .            c - +0 pair of boots of Etuerchim {rCorr Int+3}
Will    .....        e - amulet of guardian spirit
Stlth   +            (no ring)
HPRegen 0.25/turn    (no ring)
MPRegen 0.12/turn

%: guardian spirit, faith
@: very heavily drained
A: cold resistance 1, negative energy resistance 3, torment resistance 2, heat
vulnerability 1, in touch with death 1, no potions, faith
a: no special abilities


You were in a sewer.
You visited 1 branch of the dungeon, and saw 3 of its levels.
You also visited: Sewer.

You collected 213 gold pieces.

Inventory:

Hand Weapons
 a - a +1 flail (weapon)
Missiles
 n - 12 poisoned darts
Armour
 b - a +0 leather armour (worn)
 c - the +0 pair of boots of Etuerchim (worn) {rCorr Int+3}
   (You acquired it on level 3 of the Dungeon)

   Int:       It affects your intelligence (+3).
   rCorr:     It protects you from acid and corrosion.
 j - a +0 helmet (worn)
Jewellery
 d - an amulet of the acrobat
 e - an amulet of guardian spirit (around neck)
Scrolls
 f - a scroll of enchant weapon
 g - 3 scrolls of identify
 h - a scroll of blinking
 i - a scroll of teleportation
 l - a scroll of enchant armour
 m - a scroll of amnesia


   Skills:
 - Level 2.0 Fighting
 + Level 5.2 Maces & Flails
 - Level 1.5 Dodging
 - Level 2.6 Spellcasting
 + Level 3.1 Conjurations
 - Level 3.0 Necromancy


You had 7 spell levels left.
You knew the following spells:

 Your Spells              Type           Power      Damage    Failure   Level
a - Kiss of Death         Conj/Necr      76%        2d11      6%          1
b - Momentum Strike       Conj/Tloc      14%        3d8       19%         2

Your spell library contained the following spells:

 Spells                   Type           Power      Damage    Failure   Level
 Hailstorm                Conj/Ice       7%         3d4       34%         3


Dungeon Overview and Level Annotations

Branches:
Dungeon (3/15)              Sewer (1/1)

Altars:


Innate Abilities, Weirdness & Mutations

You are immune to poison.
Your flesh is cold resistant. (rC+)
You are immune to negative energy. (rN+++)
You are immune to unholy pain and torment.
You are vulnerable to heat. (rF-)
You are in touch with the powers of death.
You do not drink.
You have a special connection with the divine. (Faith)


Message History

Unknown command.
You closely miss the kobold brigand.
The kobold brigand is almost dead.
The kobold brigand misses you.
The kobold brigand hits you with a +0 short sword.
You sock the kobold brigand!
You kill the kobold brigand!
The kobold brigand hits you with a +0 short sword.
Your Conjurations skill increases to level 3!
Unknown command.
You hit the kobold brigand.
The kobold brigand is lightly wounded.
The kobold brigand hits you with a +0 short sword.
* * * LOW HITPOINT WARNING * * *
You closely miss the kobold brigand.
The kobold brigand is lightly wounded.
The kobold brigand hits you with a +0 short sword!
* * * LOW HITPOINT WARNING * * *
Aiming: Kiss of Death (safe; 6% risk of failure)
Press: ? - help, Q - select action, (/) - cycle Shift-Dir - straight line, f - kobold brigand
Aim: a kobold brigand, wielding a +0 short sword and quivering poisoned darts (lightly wounded, 100% to hit)
You feel a surge of power!
The negative energy hits the kobold brigand!!
The kobold brigand is drained!
The kobold brigand is almost dead.
You feel drained.
The kobold brigand hits you with a +0 short sword.
* * * LOW HITPOINT WARNING * * *
You don't have enough magic to cast this spell.
Unknown command.
Unknown command.
You aren't carrying any items that you can evoke.
Unknown command.
You closely miss the kobold brigand.
The kobold brigand is almost dead.
The kobold brigand closely misses you.
You closely miss the kobold brigand.
The kobold brigand is almost dead.
The kobold brigand hits you with a +0 short sword.
You die...

##### ####
#..P####..#######
.....##.........#
................##
.P..........†P.)@# ####
................K#..!.#
..........P......'....#
~..P~~..~~~~.....'..∩.#
P...~~~~~~P~P....#?...#
#######~~~#################
~~~ ~~~~~~~~~~~~~~~~~~~~≈#
≈≈≈ ~≈≈≈≈≈~≈≈≈≈≈~≈≈≈≈≈~≈≈#
~~~ ~~~~~~~~~~~~~~~~~~~≈#


You could see a kobold brigand (drained).

Vanquished Creatures
  2 kobold brigands (Sewer)
  A bullfrog (D:3)
  An orc priest (D:3)
  A gnoll (D:1)
  8 adders
  A river rat (D:3)
  A worm (D:3)
  3 dart slugs
  5 orcs (D:3)
  5 bats
  5 endoplasms
  8 giant cockroaches
  5 goblins
  4 hobgoblins
  15 kobolds
  3 quokkas
  8 ball pythons
  2 frilled lizards
  7 rats
85 creatures vanquished.

Notes
Turn   | Place    | Note
-------+----------+-------------------------------------------
     0 | D:1      | SnakkuSnakku7 the Mummy Reaver began the quest for the Orb.
     0 | D:1      | Reached XP level 1. HP: 16/16 MP: 4/4
   109 | D:1      | Reached skill level 1 in Necromancy
   114 | D:1      | Reached XP level 2. HP: 17/22 MP: 5/5
   430 | D:1      | Reached skill level 3 in Maces & Flails
   430 | D:1      | Gained mutation: You are in touch with the powers of death.
                  | [Mummy growth]
   430 | D:1      | Reached XP level 3. HP: 22/24 MP: 4/7
   855 | D:2      | Found a faded altar of an unknown god.
  1268 | D:3      | Reached XP level 4. HP: 29/33 MP: 6/8
  1331 | D:3      | Identified a scroll of acquirement
  1335 | D:3      | Acquired the +0 pair of boots of Etuerchim {rCorr Int+3}
  1401 | D:3      | Reached XP level 5. HP: 26/38 MP: 6/9
  1429 | D:3      | Reached skill level 4 in Maces & Flails
  1710 | D:3      | Learned a level 2 spell: Momentum Strike
  1748 | D:3      | Found a glowing drain.
  1752 | Sewer    | Entered a sewer
  1782 | Sewer    | Reached XP level 6. HP: 44/44 MP: 10/10
  1841 | Sewer    | Reached skill level 5 in Maces & Flails
  1929 | Sewer    | Slain by a kobold brigand

Illustrated notes

Levels and vault maps discovered:
D:1:      psy_arrival_conway, layout_loops_cross
D:2:      layout_loops_cross, hellmonk_ecumenical_altar_heavens_door,
          minmay_misc_feat_diagonals, nicolae_concentric_dashed_squares_mild
D:3:      layout_basic, mainiacjoe_overflow_brackets, bloody_makhleb,
          gup_sewer_entry_spiral, minmay_diced_spiral
Sewer:    kennysheep_pipe_town

Skill      XL: |  1  2  3  4  5  6 |
---------------+-------------------+-----
Necromancy     | 1 2 3 |  3.0
Maces & Flails | 3 4 5 |  5.2
Conjurations   | 3 |  3.1
Fighting       | |  2.0
Dodging        | |  1.5
Spellcasting   | |  2.6

Action                     |  1- 3 |  4- 6 || total
---------------------------+-------+-------++-------
  Melee: Mace              |    53 |       ||    53
         Flail             |    63 |   204 ||   267
         Punch             |     1 |     2 ||     3
   Cast: Kiss of Death     |     1 |     3 ||     4
    Use: Scroll            |       |     8 ||     8
 Armour: Leather armour    |    40 |    57 ||    97
  Dodge: Dodged            |    99 |   135 ||   234
